 Dungeon Crawl Stone Soup version 0.23-b1-51-gfe822ef6ca (webtiles) character file.

Game seed: 10665246748738506093

350 Ihlosi the Skirmisher (level 6, -1/38 HPs)
             Began as a Kobold Fighter on Feb 3, 2019.
             Slain by a gnoll sergeant
             ... wielding a +5 trident of venom
              (10 damage)
             ... on level 5 of the Dungeon.
             The game lasted 00:07:48 (3954 turns).

Ihlosi the Skirmisher (Kobold Fighter)              Turns: 3954, Time: 00:07:49

Health: -1/38      AC:  9    Str: 15    XL:     6   Next: 92%
Magic:  6/6        EV: 12    Int:  9    God:
Gold:   132        SH:  9    Dex: 15    Spells: 5/5 levels left

rFire    . . .     SeeInvis .   a - +0 flail
rCold    . . .     Gourm    .   c - +0 shield
rNeg     . . .     Faith    .   b - +0 scale mail
rPois    .         Spirit   .   m - +1 helmet
rElec    .         Reflect  .   (no cloak)
rCorr    .         Harm     .   (no gloves)
MR       .....                  (no boots)
Stlth    ..........             (no amulet)
HPRegen  0.12/turn              q - +2 ring of evasion
MPRegen  0.10/turn              (no ring)

@: no status effects
A: small, carnivore
a: no special abilities


You were on level 5 of the Dungeon.
You were very full.

You visited 1 branch of the dungeon, and saw 5 of its levels.

You collected 132 gold pieces.

Inventory:

Hand Weapons
 a - a +0 flail (weapon)
Missiles
 w - 19 bolts
Armour
 b - a +0 scale mail (worn)
 c - a +0 shield (worn)
 m - a +1 helmet (worn)
Jewellery
 q - a +2 ring of evasion (left hand)
Scrolls
 j - 2 scrolls of amnesia
 l - 2 scrolls of immolation
 n - 2 scrolls of remove curse
 u - a scroll of identify
Potions
 d - 2 potions of might
 h - a potion of degeneration {unknown}
 i - 4 potions of curing
 k - 2 potions of haste
 o - 3 potions of heal wounds
 p - 2 potions of cancellation
 s - a potion of agility {unknown}
 t - 2 potions of resistance {unknown}
Comestibles
 f - 10 rations


   Skills:
 * Level 4.2 Fighting
 * Level 3.9 Maces & Flails
 * Level 3.2 Armour
 * Level 2.4 Dodging
 * Level 3.4 Shields


You had 5 spell levels left.
You didn't know any spells.
Your spell library was empty.

Dungeon Overview and Level Annotations

Branches:
Dungeon (5/15)
 Temple: D:4-7

Altars:
Dithmenos
Kikubaaqudgha
Vehumet

Annotations:
D:5 Edmund


Innate Abilities, Weirdness & Mutations

You are small and have problems with some larger weapons.
You are carnivorous and can eat meat at any time.


Message History

The worker ant barely misses you. The gnoll sergeant barely misses you.
Something hits you. Something shocks you.
* * * LOW HITPOINT WARNING * * *
The worker ant barely misses you.
A sky beast appears from thin air!
Reactivating autopickup.
The gnoll sergeant hits you from afar with a +5 trident of venom.
* * * LOW HITPOINT WARNING * * *
You are lethally poisoned!
* * * LOW HITPOINT WARNING * * *
You feel sick. You block the worker ant's attack.
* * * LOW HITPOINT WARNING * * *
You feel sick.
You feel better. You block the worker ant's attack.
The gnoll sergeant hits you from afar with a +5 trident of venom.
* * * LOW HITPOINT WARNING * * *
The sky beast flickers out of sight!
Deactivating autopickup; reactivate with Ctrl-A.
Something hits you but does no damage.
The gnoll sergeant hits you from afar with a +5 trident of venom!
You die...

#.....#...........{...#
##...............{........
#..........................
......#..##...###........##...#
#######..##g..#........#.# ..#
##...g.g##..#...##... .
#....#gg##.####.# ....
##>..#..##. .# .. # #...#.a@#
....# ##.###....# ...h. ##
....#..... ....# .....[#....# .
##.....# ..## ##.##.. ### . ##
##. #. ## #. #


You could see a gnoll sergeant, a worker ant and 4 gnolls.

Vanquished Creatures
  A howler monkey (D:4)
  2 hounds (D:4)
  Terence (D:3)
  3 worker ants
  10 adders
  2 oozes (D:1)
  2 worms
  3 bat skeletons (D:2)
  A bat zombie (D:2)
  3 giant cockroaches
  5 goblins
  3 hobgoblins
  3 jackals
  3 kobolds (D:1)
  2 quokkas
  A ball python (D:4)
  9 bats
  2 frilled lizards (D:3)
  4 rats
60 creatures vanquished.

Vanquished Creatures (others)
  A rat (D:1)
1 creature vanquished.

Grand Total: 61 creatures vanquished

Notes
Turn   | Place    | Note
-------+----------+-------------------------------------------
     0 | D:1      | Ihlosi the Kobold Fighter began the quest for the Orb.
     0 | D:1      | Reached XP level 1. HP: 14/14 MP: 1/1
   137 | D:1      | Reached XP level 2. HP: 17/19 MP: 2/2
   277 | D:1      | Reached XP level 3. HP: 19/23 MP: 3/3
   899 | D:2      | Reached XP level 4. HP: 14/28 MP: 4/4
  1703 | D:2      | Found an ancient bone altar of Kikubaaqudgha.
  1794 | D:2      | Reached skill level 1 in Dodging
  2378 | D:3      | Reached XP level 5. HP: 30/33 MP: 5/5
  2551 | D:3      | Noticed Terence
  2566 | D:3      | Killed Terence
  2871 | D:4      | Reached skill level 4 in Fighting
  2871 | D:4      | Reached XP level 6. HP: 30/38 MP: 6/6
  3638 | D:4      | Found a radiant altar of Vehumet.
  3677 | D:5      | Entered Level 5 of the Dungeon
  3758 | D:5      | Noticed a sky beast
  3819 | D:5      | Noticed Edmund
  3878 | D:5      | Noticed a sky beast
  3889 | D:5      | Found an ancient bone altar of Kikubaaqudgha.
  3921 | D:5      | Found a shadowy altar of Dithmenos.
  3954 | D:5      | Slain by a gnoll sergeant

Skill      XL: |  1  2  3  4  5 |
---------------+----------------+-----
Maces & Flails | 2 3 |  3.9
Shields        | 3 |  3.4
Dodging        | 1 2 |  2.4
Armour         | 3 |  3.2
Fighting       | 4 |  4.2

Action                   |  1- 3 |  4- 6 || total
-------------------------+-------+-------++-------
Melee: Flail             |    74 |   226 ||   300
  Use: Scroll            |       |    10 ||    10
       Potion            |       |     2 ||     2
  Eat: Chunk             |     6 |    11 ||    17
Armor: Scale mail        |    31 |   108 ||   139
Dodge: Dodged            |    31 |   142 ||   173
Block: Shield            |    39 |   142 ||   181
